 Dungeon Crawl Stone Soup version 0.29-a0-375-g5102b3be25 (webtiles) character file.

Game seed: 15826159123390581876

996 jaega1 the Charlatan (level 7, -12/72 HPs)
             Began as a Demonspawn Artificer on May 3, 2022.
             Was a Believer of Uskayaw.
             Mangled by an orc warrior
             ... wielding a +0 scimitar
              (15 damage)
             ... on level 4 of the Dungeon.
             The game lasted 00:21:32 (5172 turns).

jaega1 the Charlatan (Demonspawn Artificer)         Turns: 5172, Time: 00:21:33

Health: -12/72     AC: 23    Str: 18    XL:     7   Next: 99%
Magic:  8/8        EV:  2    Int: 15    God:    Uskayaw [**....]
Gold:   190        SH:  0    Dex: 13    Spells: 6/6 levels left

rFire   . . .      SeeInvis .   w - +3 quarterstaff (freeze)
rCold   . . .      Faith    .   (shield currently unavailable)
rNeg    . . .      Spirit   .   (body armour currently unavailable)
rPois   +          Reflect  .   (helmet currently unavailable)
rElec   .          Harm     .   (cloak currently unavailable)
rCorr   .          Rampage  .   (gloves currently unavailable)
Will    .....      NoTele   +   (boots currently unavailable)
Stlth   ++........              (no amulet)
HPRegen 0.22/turn               h - +6 ring of strength
MPRegen 0.11/turn               (no ring)

@: tree-form
A: stationary, stasis, torment immunity, boosted hp, (large bone plates 1),
ignite blood 1
a: Renounce Religion, Stomp, Line Pass


You were on level 4 of the Dungeon.
You worshipped Uskayaw.
Uskayaw was noncommittal.
You were a tree.
You visited 1 branch of the dungeon, and saw 6 of its levels.
You also visited: Ossuary.

You collected 190 gold pieces.

Inventory:

Hand Weapons
 t - a +0 great sword
 w - a +3 quarterstaff of freezing (weapon)
 E - a +0 halberd
Armour
 a - a +3 leather armour (melded)
 b - a +0 leather armour
 r - a +0 pair of boots (melded)
 y - a +0 pair of boots
 G - a +0 pair of gloves (melded)
Jewellery
 h - a +6 ring of strength (left branch)
 v - a +4 ring of evasion
 x - a ring of protection from fire
 C - a ring of see invisible
Wands
 c - a wand of flame (5) (quivered)
 d - a wand of charming (13)
 e - a wand of iceblast (3)
Scrolls
 f - a scroll of teleportation
 j - 4 scrolls of noise {unknown}
 m - 2 scrolls of poison {unknown}
 n - a scroll of fog {unknown}
 p - a scroll of vulnerability
 u - a scroll of enchant weapon
 D - 4 scrolls of identify
 I - a scroll of magic mapping {unknown}
Potions
 g - a potion of magic
 k - a potion of brilliance
 l - 2 potions of curing
 o - 2 potions of mutation
 q - 5 potions of degeneration {unknown}
 s - a potion of resistance
 z - a potion of cancellation
 A - 2 potions of flight
 B - 3 potions of heal wounds {unknown}
 F - a potion of attraction {unknown}
 H - a potion of might {unknown}


   Skills:
 - Level 1.0 Fighting
 * Level 1.1 Long Blades
 - Level 1.3 Staves
 - Level 0.1 Bows
 - Level 1.7 Armour
 - Level 6.0 Dodging
 - Level 0.8 Stealth
 + Level 2.3 Invocations
 - Level 6.2 Evocations


You had 6 spell levels left.
You didn't know any spells.
Your spell library contained the following spells:

 Spells                   Type           Power      Damage    Failure   Level
 Corpse Rot               Necr/Air       0%         N/A       38%         2
 Poisonous Vapours        Pois/Air       0%         N/A       38%         2
 Inner Flame              Hex/Fire       0%         N/A       63%         3
 Cause Fear               Hex            0%         N/A       95%         4
 Fireball                 Conj/Fire      0%         3d3       100%        5
 Iskenderun's Battlesphe  Conj           0%         2d6       100%        5
 Conjure Ball Lightning   Conj/Air       0%         3x3d6     100%        6
 Orb of Destruction       Conj           0%         9d5       100%        7
 Discord                  Hex            0%         N/A       100%        8


Dungeon Overview and Level Annotations

Branches:
Dungeon (6/15)            Ossuary (visited)
 Temple: D:4-7

Altars:
Gozag
Makhleb
Uskayaw
Yredelemnul

Annotations:
D:5 exclusion: oklob sapling


Innate Abilities, Weirdness & Mutations

You are a tree.
Your roots penetrate the ground, keeping you stationary.
You cannot be teleported.
You are immune to unholy pain and torment.
Your maximum health is greatly increased.
Your equipment is partially melded.
((You are partially covered in large bone plates. (SH +4)))
Your demonic aura sometimes causes spilled blood to erupt in flames.


Message History

You hit the orc warrior but do no damage.
The orc warrior hits you with a +0 scimitar! x2
You hit the orc warrior. You freeze the orc warrior.
The orc warrior is lightly wounded.
The orc warrior misses you.
You barely miss the orc warrior.
The orc warrior is lightly wounded.
The orc warrior hits you with a +0 scimitar.
Really quaff the potion of lignification?
Okay, then.
Really quaff the potion of lignification?
You turn into a tree.
Your +0 pair of gloves melds into your body.
Your +0 pair of boots melds into your body.
Your +3 leather armour melds into your body.
Your roots penetrate the ground.
The orc warrior hits you with a +0 scimitar!
* * * LOW HITPOINT WARNING * * *
You hit the orc warrior but do no damage.
The orc warrior is lightly wounded.
The orc warrior hits you but does no damage.
The orc warrior hits you with a +0 scimitar!
* * * LOW HITPOINT WARNING * * *
You hit the orc warrior. You freeze the orc warrior.
The orc warrior is moderately wounded.
The orc warrior hits you but does no damage.
You sock the orc warrior! You freeze the orc warrior.
The orc warrior is severely wounded.
The orc warrior hits you but does no damage.
You can now pass through a line of other dancers.
You hit the orc warrior. You freeze the orc warrior.
The orc warrior is severely wounded.
The orc warrior hits you with a +0 scimitar!
* * * LOW HITPOINT WARNING * * *
You hit the orc warrior but do no damage.
The orc warrior is severely wounded.
The orc warrior hits you with a +0 scimitar.
* * * LOW HITPOINT WARNING * * *
The orc warrior hits you with a +0 scimitar!
You die...

##############
#.......#.....
#.......#.....
#.......#.....
#.#########.).....#.....
#.....o♣..........'.....
###########.......#.....
#.......#.....
#.......#.....
#########..... ####..
.#########.#
.........#.#
.#######.#.#


You could see an orc warrior.

Vanquished Creatures
  Sigmund (D:2)
  A steam dragon (D:6)
  A water moccasin (D:4)
  An ogre (D:4)
  A phantom (D:5)
  A water moccasin zombie (Ossuary)
  A howler monkey (D:6)
  A gnoll shaman (D:6)
  Jessica (D:2)
  An iguana (D:5)
  Natasha (D:3)
  2 mummies (Ossuary)
  5 adders
  5 gnolls (D:6)
  2 white imps (D:6)
  5 adder zombies (Ossuary)
  A worm (D:4)
  An orc (D:4)
  6 bats
  3 endoplasms
  2 giant cockroaches (D:1)
  A gnoll zombie (Ossuary)
  7 goblins
  6 hobgoblins
  4 jackals (D:3)
  2 quokkas (D:1)
  3 ball pythons
  4 frilled lizards
  A hobgoblin zombie (Ossuary)
  6 kobolds
  7 kobold zombies (Ossuary)
  3 orc zombies (Ossuary)
  9 rats
96 creatures vanquished.

Vanquished Creatures (others)
  2 fungi (D:1)
  4 plants
6 creatures vanquished.

Grand Total: 102 creatures vanquished

Notes
Turn   | Place    | Note
-------+----------+-------------------------------------------
     0 | D:1      | jaega1 the Demonspawn Artificer began the quest for the
                  | Orb.
     0 | D:1      | Reached XP level 1. HP: 15/15 MP: 1/1
   320 | D:1      | Gained mutation: You are partially covered in large bone
                  | plates. (SH +4) [demonic ancestry]
   320 | D:1      | Reached XP level 2. HP: 18/21 MP: 2/2
   417 | D:1      | Found a faded altar of an unknown god.
   971 | D:2      | Noticed Jessica
   998 | D:2      | Killed Jessica
   999 | D:2      | Reached skill level 1 in Dodging
   999 | D:2      | Reached XP level 3. HP: 26/26 MP: 3/3
  1171 | D:2      | Identified the +1 robe of Sunlight {Str+4 Int-3 Dex+4}
  1209 | D:2      | Found a hide-covered altar of Uskayaw.
  1323 | D:2      | Became a worshipper of Uskayaw the Reveller
  1367 | D:2      | Reached * piety under Uskayaw
  1380 | D:2      | Noticed Sigmund
  1385 | D:2      | Your ally Sigmund died
  1386 | D:2      | Gained mutation: Your demonic aura sometimes causes spilled
                  | blood to erupt in flames. [demonic ancestry]
  1386 | D:2      | Reached XP level 4. HP: 32/32 MP: 4/4
  1386 | D:2      | Reached XP level 5. HP: 37/37 MP: 5/5
  1733 | D:3      | Noticed Natasha
  1750 | D:3      | Found an opulent altar of Gozag.
  1782 | D:3      | Found a basalt altar of Yredelemnul.
  1990 | D:3      | You fall into a shaft and drop 3 floors!
  2018 | D:6      | Reached XP level 6. HP: 27/43 MP: 6/6
  2019 | D:6      | Reached ** piety under Uskayaw
  2028 | D:6      | Reached *** piety under Uskayaw
  2036 | D:6      | Reached **** piety under Uskayaw
  2475 | D:6      | Noticed a steam dragon
  2497 | D:6      | Killed a steam dragon
  2498 | D:6      | Reached skill level 1 in Staves
  2827 | D:6      | Reached XP level 7. HP: 41/48 MP: 7/7
  2913 | D:6      | Noticed a boulder beetle
  2955 | D:6      | Found a burning altar of Makhleb.
  2977 | D:5      | Entered Level 5 of the Dungeon
  3030 | D:5      | Reached skill level 1 in Invocations
  3223 | D:4      | Reached skill level 5 in Dodging
  3409 | D:4      | Found a sand-covered staircase.
  3449 | Ossuary  | Entered an ossuary
  4945 | D:3      | Killed Natasha
  5118 | D:4      | Reached skill level 1 in Long Blades
  5172 | D:4      | HP: 3/72 [orc warrior/+0 scimitar (2)]
  5172 | D:4      | Mangled by an orc warrior

Illustrated notes

Levels and vault maps discovered:
D:1:      minmay_arrival_radiant_lines, layout_rooms,
          shapermc_ecumenical_altar_gd, supply_closet_lemuel
D:2:      layout_basic, basic_altar, uniq_sigmund, uniq_jessica
D:3:      minmay_spotlight, layout_loops_ring, mainiacjoe_overflow_two_lobes,
          st_stairs_6, uniq_natasha
D:4:      layout_basic, nicolae_ossuary_entry_ruins, pf_guarded_unrand_meek
D:5:      layout_rooms, minmay_temple_entry_oklob, serial_glass,
          glass_columns_b, glass_columns_b, minmay_strange_pillars,
          chequers_mini_garden, uniq_prince_ribbit1
D:6:      layout_rooms, makhleb_blood_cavern_becter,
          mainiacjoe_overflow_tiny_flanked, ebering_ghost_reflecting_pool,
          roderic_filled_cross, uniq_duvessa, uniq_menkaure

Skill      XL: |  1  2  3  4  5  6  7 |
---------------+----------------------+-----
Evocations     | 4 6 |  6.2
Dodging        | 1 2 4 6 |  6.0
Staves         | 1 |  1.3
Invocations    | 2 |  2.3
Long Blades    | 1 |  1.1
Fighting       | |  1.0
Bows           | |  0.1
Armour         | |  1.7
Stealth        | |  0.8

Action                   |  1- 3 |  4- 6 |  7- 9 || total
-------------------------+-------+-------+-------++-------
Melee: Rapier            |    92 |    45 |       ||   137
       Club              |     9 |       |       ||     9
       Punch             |     2 |     1 |       ||     3
       Quarterstaff      |       |     7 |   129 ||   136
       Great sword       |       |       |    43 ||    43
Evoke: Wand              |     7 |    11 |       ||    18
  Use: Scroll            |       |       |     9 ||     9
       Potion            |       |       |     4 ||     4
 Stab: Sleeping          |     2 |     2 |     5 ||     9
       Paralysed         |       |     2 |     1 ||     3
Armor: Leather armour    |    38 |     4 |    42 ||    84
       Skin              |       |       |     7 ||     7
Dodge: Dodged            |    65 |    31 |   103 ||   199
Block: Other             |     8 |    12 |    32 ||    52

Table legend: (Time is in decaauts)
 A = Elapsed time spent in this place.
 B = Non-inter-level travel time spent in this place.
 C = Inter-level travel time spent in this place.
 D = Time resting spent in this place.
 E = Time spent auto-exploring this place.
 F = Levels seen in this place.
 G = Mean time per level.
                   A        B        C        D        E       F      G
               +--------+--------+--------+--------+--------+-----+--------+
         Total |   5260 |   5138 |    122 |   1619 |   1913 |   7 |  751.4 |
       Dungeon |   4688 |   4566 |    122 |   1371 |   1913 |   6 |  781.3 |
       Ossuary |    571 |    571 |      0 |    248 |      0 |   1 |  571.0 |
               +--------+--------+--------+--------+--------+-----+--------+

Top non-repeatable levels by time:
     D:3: 1192 daAuts
     D:6: 994 daAuts
     D:1: 985 daAuts
     D:2: 713 daAuts
     D:4: 682 daAuts
 Ossuary: 571 daAuts
     D:5: 121 daAuts
